 Dungeon Crawl Stone Soup version 0.17-a0-2231-gd80ca38 (webtiles) character file.

30 nicanaca0 the Skirmisher (level 3, 0/33 HPs)
             Began as a Minotaur Berserker on Oct 29, 2015.
             Was a Follower of Trog.
             Slain by Crazy Yiuf
             ... wielding a +4 quarterstaff of chaos
              (13 damage)
             ... on level 2 of the Dungeon.
             The game lasted 00:02:30 (988 turns).

nicanaca0 the Skirmisher (Minotaur Berserker)        Turns: 988, Time: 00:02:30

Health: 0/33       AC:  2    Str: 21    XL:     3   Next: 3%
Magic:  2/2        EV: 11    Int:  4    God:    Trog [*.....]
Gold:   100        SH:  3    Dex: 10    Spells: 0 memorised, 2 levels left

rFire  . . .     SeeInvis .     a - +0 hand axe
rCold  . . .     Clarity  .     f - +0 robe (curse)
rNeg   . . .     SustAt   .     i - +0 buckler
rPois  .         Gourm    .     (helmet restricted)
rElec  .         Spirit   .     (no cloak)
rCorr  .         Warding  .     (no gloves)
rMut   .         Stasis   .     (no boots)
MR     .....                    (no amulet)
Stlth  +.........               (no ring)
                                (no ring)

@: not resistant to hostile enchantments, very unstealthy
A: retaliatory headbutt, horns 2
a: Berserk, Burn Spellbooks, Renounce Religion


You were on level 2 of the Dungeon.
You worshipped Trog.
Trog was aware of your devotion.
You were not hungry.

You visited 1 branch of the dungeon, and saw 2 of its levels.

You collected 100 gold pieces.

Inventory:

Hand Weapons
 a - a +0 hand axe (weapon)
Armour
 f - a cursed +0 robe (worn)
 i - a +0 buckler (worn)
 j - a +0 ring mail
 o - a +0 scale mail
Scrolls
 d - a scroll of recharging {unknown}
 g - 2 scrolls of random uselessness {unknown}
 l - a scroll of identify {unknown}
 m - a scroll of enchant weapon {unknown}
Potions
 b - a potion of mutation {unknown}
 e - 2 potions of curing {unknown}
 h - a potion of agility {unknown}
 n - a potion of lignification {unknown}
 p - a potion of might {unknown}
 q - a potion of invisibility {unknown}
Comestibles
 c - 2 bread rations
 k - 2 chunks of flesh


   Skills:
 + Level 4.3 Fighting
 + Level 4.1 Axes
 + Level 2.8 Armour
 + Level 2.3 Dodging


You had 2 spell levels left.
You didn't know any spells.

Dungeon Overview and Level Annotations

Branches:
Dungeon (2/15)

Altars:
Makhleb

Annotations:
D:2 Crazy Yiuf


Innate Abilities, Weirdness & Mutations

You reflexively headbutt those who attack you in melee.
You have a pair of horns on your head.


Message History

You are very unstealthy.
Crazy Yiuf the Enlightened comes into view.
He is wielding a quarterstaff of chaos.
Crazy Yiuf moves out of view.
No target in view!
No target in view!
No target in view!
Crazy Yiuf is too close now for your liking.
Crazy Yiuf barely misses you.
You hit Crazy Yiuf. You headbutt Crazy Yiuf.
Crazy Yiuf is moderately wounded.
Crazy Yiuf whimpers, "Walk cloud tortoise!"
Crazy Yiuf hits you with a quarterstaff of chaos.
Crazy Yiuf freezes you.
You hit Crazy Yiuf but do no damage. Your headbutt misses Crazy Yiuf.
Crazy Yiuf is moderately wounded.
Crazy Yiuf hits you with a quarterstaff of chaos!
You closely miss Crazy Yiuf. Your headbutt misses Crazy Yiuf.
Crazy Yiuf is moderately wounded.
Crazy Yiuf hits you with a quarterstaff of chaos!
You die...

#####.#####.#.#
#.....#####.#.#
#.###.....>.#.#
#÷# ###########
#.# #.# #.###♣♣
#### #....P♣♣
♣♣#..)#
#....P.♣♣♣♣.@g..#
##...PP.♣..♣#...#
##....♣.♣♣♣ ####
###♣♣♣♣♣


You could see Crazy Yiuf.

Vanquished Creatures
  A worm (D:2)
  3 giant geckos
  A ball python (D:1)
  3 bats
  4 hobgoblins
  2 kobolds
  2 giant newts (D:1)
  4 goblins
  2 rats
22 creatures vanquished.

Notes
Turn   | Place    | Note
--------------------------------------------------------------
     0 | D:1      | nicanaca0 the Minotaur Berserker began the quest for the Orb.
     0 | D:1      | Reached XP level 1. HP: 19/19 MP: 0/0
   183 | D:1      | Reached skill level 4 in Fighting
   220 | D:1      | Reached XP level 2. HP: 24/27 MP: 1/1
   538 | D:2      | Found a burning altar of Makhleb.
   834 | D:2      | Reached XP level 3. HP: 33/33 MP: 2/2
   982 | D:2      | Noticed Crazy Yiuf
   988 | D:2      | Slain by Crazy Yiuf

Vault maps used:
D:1:      co_arrival_square_in_a_square_in_a_square
D:2:      bloody_makhleb, minmay_stone_trees_small, grunt_nemelex_the_gamble,
          uniq_crazy_yiuf_cottage, uniq_natasha

Action                   || total
-------------------------++-------
Melee: Hand axe          ||    43
Invok: Berserk           ||     1
  Eat: Chunk             ||     1
